TOP OF THE 1ST |
Redwood City Redwoods batting - Pitching for Mexico City Cerveceros : LHP Sean Perry
|
Pitching: LHP Sean Perry
|
|
Batting: RHB Robert Downing
|
0-0: Ball 1-0: Called Strike 1-1: Ground out 6-3 (Groundball, 6M)
|
Batting: RHB Anastasio García
|
0-0: Ball 1-0: Fly out, F8 (Flyball, 89M)
|
Batting: RHB Bob Campbell
|
0-0: Ball 1-0: Called Strike 1-1: Ball 2-1: DOUBLE (Flyball, 89XD)
|
Batting: LHB Arthur Hall
|
0-0: Ball 1-0: Ball 2-0: Called Strike 2-1: Ball 3-1: Fly out, F2 (Popup, 15S)
|
Top of the 1st over - 0 run(s), 1 hit(s), 0 error(s), 1 left on base; Redwood City 0 - Mexico City 0 |
BOTTOM OF THE 1ST |
Mexico City Cerveceros batting - Pitching for Redwood City Redwoods : LHP Steven England
|
Pitching: LHP Steven England
|
|
Batting: RHB Luis Peña
|
0-0: Ball 1-0: Ball 2-0: Ball 3-0: Called Strike 3-1: Base on Balls
|
Batting: RHB Murai Ishihara
|
0-0: Foul Ball, location: 2F 0-1: Fly out, F8 (Flyball, 8LD)
|
Batting: RHB Dennis Stephenson
|
0-0: Ball Luis Peña steals 2nd base 1-0: Foul Ball, location: 2F 1-1: 2-RUN HOME RUN (Flyball, 89XD), Distance : 395 ft
|
Batting: RHB Dave Morgan
|
0-0: Ground out 5-3 (Groundball, 56)
|
Batting: RHB Robinson Pacheco
|
0-0: Ball 1-0: SINGLE (Line Drive, 78S)
|
Batting: LHB Gary Kern
|
0-0: Fielders Choice at 2nd, U6 (Groundball, 6M)
|
Bottom of the 1st over - 2 run(s), 2 hit(s), 0 error(s), 1 left on base; Redwood City 0 - Mexico City 2 |
TOP OF THE 2ND |
Redwood City Redwoods batting - Pitching for Mexico City Cerveceros : LHP Sean Perry
|
Batting: LHB Patrick Bright
|
0-0: Foul Ball, location: 2F 0-1: Swinging Strike 0-2: Ball 1-2: Strikes out looking
|
Batting: LHB Pedro Rodríguez
|
0-0: Called Strike 0-1: Foul Ball, location: 2F 0-2: Strikes out swinging
|
Batting: LHB Bill McCraney
|
0-0: Ball 1-0: Called Strike 1-1: Foul Ball, location: 2F 1-2: Ball 2-2: Strikes out swinging
|
Top of the 2nd over - 0 run(s), 0 hit(s), 0 error(s), 0 left on base; Redwood City 0 - Mexico City 2 |
BOTTOM OF THE 2ND |
Mexico City Cerveceros batting - Pitching for Redwood City Redwoods : LHP Steven England
|
Batting: LHB John Nicholson
|
0-0: Called Strike 0-1: Ball 1-1: Ground out 5-3 (Groundball, 56)
|
Batting: SHB Richard Bowman
|
0-0: Ball 1-0: Ball 2-0: Foul Ball, location: 2F 2-1: Foul Ball, location: 2F 2-2: Ball 3-2: SINGLE (Groundball, 56D)
|
Batting: LHB Don Soper
|
0-0: DOUBLE (Line Drive, 7LD) Richard Bowman to third
|
Batting: RHB Luis Peña
|
0-0: Called Strike 0-1: Ball Wild Pitch! Richard Bowman scores Don Soper to third 1-1: Foul Ball, location: 2F 1-2: Fly out, F6 (Popup, 6)
|
Batting: RHB Murai Ishihara
|
0-0: Ball 1-0: Foul Ball, location: 2F 1-1: Fly out, F6 (Popup, 56)
|
Bottom of the 2nd over - 1 run(s), 2 hit(s), 0 error(s), 1 left on base; Redwood City 0 - Mexico City 3 |
TOP OF THE 3RD |
Redwood City Redwoods batting - Pitching for Mexico City Cerveceros : LHP Sean Perry
|
Batting: RHB Jesús Cuevas
|
0-0: Fly out, F7 (Flyball, 7)
|
Batting: RHB David Strickland
|
0-0: Ball 1-0: Ground out 5-3 (Groundball, 56S)
|
Batting: RHB Robert Downing
|
0-0: Ball 1-0: Ball 2-0: Ball 3-0: Base on Balls
|
Batting: RHB Anastasio García
|
0-0: Foul Ball, location: 2F 0-1: Foul Ball, location: 2F 0-2: Ball 1-2: Strikes out swinging
|
Top of the 3rd over - 0 run(s), 0 hit(s), 0 error(s), 1 left on base; Redwood City 0 - Mexico City 3 |
BOTTOM OF THE 3RD |
Mexico City Cerveceros batting - Pitching for Redwood City Redwoods : LHP Steven England
|
Batting: RHB Dennis Stephenson
|
0-0: Called Strike 0-1: Ground out 5-3 (Groundball, 56)
|
Batting: RHB Dave Morgan
|
0-0: Ball 1-0: Fly out, F7 (Flyball, 7LM)
|
Batting: RHB Robinson Pacheco
|
0-0: Ball 1-0: Ball 2-0: Called Strike 2-1: SINGLE (Line Drive, 5D)
|
Batting: LHB Gary Kern
|
0-0: Called Strike 0-1: Ball 1-1: Foul Ball, location: 2F 1-2: Ball 2-2: Strikes out swinging
|
Bottom of the 3rd over - 0 run(s), 1 hit(s), 0 error(s), 1 left on base; Redwood City 0 - Mexico City 3 |
TOP OF THE 4TH |
Redwood City Redwoods batting - Pitching for Mexico City Cerveceros : LHP Sean Perry
|
Batting: RHB Bob Campbell
|
0-0: Ball 1-0: Swinging Strike 1-1: Ball 2-1: Called Strike 2-2: Strikes out swinging
|
Batting: LHB Arthur Hall
|
0-0: Ball 1-0: Ground out 6-3 (Groundball, 6MD)
|
Batting: LHB Patrick Bright
|
0-0: Swinging Strike 0-1: Swinging Strike 0-2: Strikes out swinging
|
Top of the 4th over - 0 run(s), 0 hit(s), 0 error(s), 0 left on base; Redwood City 0 - Mexico City 3 |
BOTTOM OF THE 4TH |
Mexico City Cerveceros batting - Pitching for Redwood City Redwoods : LHP Steven England
|
Batting: LHB John Nicholson
|
0-0: Called Strike 0-1: Fly out, F7 (Flyball, 7LSF)
|
Batting: SHB Richard Bowman
|
0-0: Foul Ball, location: 2F 0-1: Ball 1-1: Swinging Strike 1-2: Ground out 6-3 (Groundball, 6)
|
Batting: LHB Don Soper
|
0-0: Ball 1-0: Reached on error, E4 (Groundball, 4)
|
Batting: RHB Luis Peña
|
0-0: SINGLE (Flyball, 7S) Don Soper to third Runner from 3rd tries for Home, SAFE, throw made home Luis Peña to second
|
Batting: RHB Murai Ishihara
|
0-0: Ball 1-0: Ball 2-0: Foul Ball, location: 2F 2-1: Fly out, F8 (Flyball, 8LD)
|
Bottom of the 4th over - 1 run(s), 1 hit(s), 1 error(s), 1 left on base; Redwood City 0 - Mexico City 4 |
TOP OF THE 5TH |
Redwood City Redwoods batting - Pitching for Mexico City Cerveceros : LHP Sean Perry
|
Batting: LHB Pedro Rodríguez
|
0-0: Ball 1-0: SINGLE (Groundball, 56) (infield hit)
|
Batting: LHB Bill McCraney
|
0-0: Foul Ball, location: 2F 0-1: Ball 1-1: Called Strike 1-2: Strikes out swinging
|
Batting: RHB Jesús Cuevas
|
0-0: Fly out, F9 (Flyball, 89M)
|
Batting: RHB David Strickland
|
0-0: Ball 1-0: Called Strike 1-1: Swinging Strike 1-2: Foul Ball, location: 2F 1-2: Strikes out swinging
|
Top of the 5th over - 0 run(s), 1 hit(s), 0 error(s), 1 left on base; Redwood City 0 - Mexico City 4 |
BOTTOM OF THE 5TH |
Mexico City Cerveceros batting - Pitching for Redwood City Redwoods : LHP Steven England
|
Batting: RHB Dennis Stephenson
|
0-0: Swinging Strike 0-1: Foul Ball, location: 2F 0-2: SINGLE (Groundball, 6MD)
|
Batting: RHB Dave Morgan
|
0-0: Foul Ball, location: 2F 0-1: SINGLE (Groundball, 56D) Dennis Stephenson to second
|
Batting: RHB Robinson Pacheco
|
0-0: Foul Ball, location: 2F 0-1: Reached via error on a dropped throw, E4 Dennis Stephenson to third Dave Morgan to second
|
Batting: LHB Gary Kern
|
0-0: Ball 1-0: Called Strike 1-1: Ball 2-1: Grounds into double play, 4-6-3 (Groundball, 4D) Dennis Stephenson scores Dave Morgan to third
|
Batting: LHB John Nicholson
|
0-0: Fly out, F5 (Popup, 5L)
|
Bottom of the 5th over - 1 run(s), 2 hit(s), 1 error(s), 1 left on base; Redwood City 0 - Mexico City 5 |
TOP OF THE 6TH |
Redwood City Redwoods batting - Pitching for Mexico City Cerveceros : LHP Sean Perry
|
Batting: RHB Robert Downing
|
0-0: Ball 1-0: Called Strike 1-1: SINGLE (Line Drive, 89M)
|
Batting: RHB Anastasio García
|
0-0: Ball 1-0: Called Strike 1-1: SINGLE (Groundball, 56D) Robert Downing to second
|
Batting: RHB Bob Campbell
|
0-0: Ball 1-0: Swinging Strike 1-1: SINGLE (Groundball, 34D) Robert Downing to third Anastasio García to second Runner from 3rd tries for Home, SAFE, no throw
|
Batting: LHB Arthur Hall
|
0-0: 3-RUN HOME RUN (Flyball, 89XD), Distance : 392 ft
|
Batting: LHB Patrick Bright
|
0-0: Swinging Strike 0-1: Called Strike 0-2: Strikes out swinging
|
Batting: LHB Pedro Rodríguez
|
0-0: Ball 1-0: Ball 2-0: Foul Ball, location: 2F 2-1: Ground out 4-3 (Groundball, 34D)
|
Batting: LHB Bill McCraney
|
0-0: Called Strike 0-1: Foul Ball, location: 2F 0-2: Ball 1-2: Foul Ball, location: 2F 1-2: DOUBLE (Flyball, 7LM)
|
Batting: RHB Jesús Cuevas
|
0-0: Ball 1-0: Called Strike 1-1: Ball 2-1: SINGLE (Line Drive, 89M) Bill McCraney to third Runner from 3rd tries for Home, SAFE, no throw
|
Pitching: RHP Gil Dickson
|
|
Batting: RHB David Strickland
|
0-0: Ball 1-0: Fly out, F8 (Flyball, 8LM)
|
Top of the 6th over - 5 run(s), 6 hit(s), 0 error(s), 1 left on base; Redwood City 5 - Mexico City 5 |
BOTTOM OF THE 6TH |
Mexico City Cerveceros batting - Pitching for Redwood City Redwoods : LHP Steven England
|
Batting: SHB Richard Bowman
|
0-0: Ground out 5-3 (Groundball, 56)
|
Batting: LHB Don Soper
|
0-0: Called Strike 0-1: Ground out U3 (Groundball, 3)
|
Batting: RHB Luis Peña
|
0-0: Called Strike 0-1: Ball 1-1: Ball 2-1: SINGLE (Groundball, 6MD)
|
Batting: RHB Murai Ishihara
|
0-0: Reached on error, E5 (Groundball, 56S) Luis Peña to second
|
Batting: RHB Dennis Stephenson
|
0-0: Foul Ball, location: 2F 0-1: Ball 1-1: Fly out, F7 (Flyball, 7)
|
Bottom of the 6th over - 0 run(s), 1 hit(s), 1 error(s), 2 left on base; Redwood City 5 - Mexico City 5 |
TOP OF THE 7TH |
Redwood City Redwoods batting - Pitching for Mexico City Cerveceros : RHP Gil Dickson
|
Pinch Hitting: LHB Frank Young
|
0-0: Ball 1-0: Ball 2-0: Ball 3-0: Base on Balls
|
Batting: RHB Anastasio García
|
0-0: Sac Bunt - play at first, batter OUT! 1-4 Frank Young to second
|
Pinch Hitting: LHB Vicente Chávez
|
0-0: Ball 1-0: Ball 2-0: Ball 3-0: Swinging Strike 3-1: Base on Balls
|
Pitching: LHP Rubén Rico
|
|
Pinch Hitting: RHB Tokuhei Kobayashi
|
0-0: Foul Ball, location: 2F 0-1: Foul Ball, location: 2F 0-2: Ball 1-2: Ball 2-2: Foul Ball, location: 2F 2-2: Foul Ball, location: 2F 2-2: Ball 3-2: Strikes out swinging
|
Pinch Hitting: RHB Luis Ramírez
|
0-0: Swinging Strike 0-1: Ball 1-1: Ball 2-1: Foul Ball, location: 2F 2-2: Foul Ball, location: 2F 2-2: Strikes out swinging
|
Top of the 7th over - 0 run(s), 0 hit(s), 0 error(s), 2 left on base; Redwood City 5 - Mexico City 5 |
BOTTOM OF THE 7TH |
Mexico City Cerveceros batting - Pitching for Redwood City Redwoods : LHP Steven England
|
Now at 2B: Tokuhei Kobayashi
|
|
Now in LF: Chris Hall
|
|
Now in CF: Keitaro Suzuki
|
|
Now in RF: Frank Young
|
|
Batting: RHB Dave Morgan
|
0-0: Called Strike 0-1: Foul Ball, location: 2F 0-2: Foul Ball, location: 2F 0-2: Ball 1-2: Strikes out swinging
|
Batting: RHB Robinson Pacheco
|
0-0: Ball 1-0: Ground out 6-3 (Groundball, 6)
|
Pinch Hitting: RHB Júlio López
|
0-0: Ground out 4-3 (Groundball, 4)
|
Bottom of the 7th over - 0 run(s), 0 hit(s), 0 error(s), 0 left on base; Redwood City 5 - Mexico City 5 |
TOP OF THE 8TH |
Redwood City Redwoods batting - Pitching for Mexico City Cerveceros : LHP Rubén Rico
|
Now in RF: Hamilton Holbrook
|
|
Batting: LHB Pedro Rodríguez
|
0-0: Foul Ball, location: 2F 0-1: Called Strike 0-2: Ball 1-2: Strikes out swinging
|
Pitching: RHP Troy Hawkins
|
|
Batting: LHB Bill McCraney
|
0-0: Ball 1-0: Ball 2-0: Fly out, F8 (Flyball, 8LS)
|
Pinch Hitting: LHB David Doyle
|
0-0: Ball 1-0: Swinging Strike 1-1: Ground out 6-3 (Groundball, 6)
|
Top of the 8th over - 0 run(s), 0 hit(s), 0 error(s), 0 left on base; Redwood City 5 - Mexico City 5 |
BOTTOM OF THE 8TH |
Mexico City Cerveceros batting - Pitching for Redwood City Redwoods : LHP Steven England
|
Pitching: RHP Domingo Franco
|
|
Now at 3B: Carlos Gonzáles
|
|
Batting: LHB John Nicholson
|
0-0: Called Strike 0-1: Swinging Strike 0-2: Foul Ball, location: 2F 0-2: Foul Ball, location: 2F 0-2: Ball 1-2: SINGLE (Groundball, 4MD)
|
Batting: SHB Richard Bowman
|
0-0: Ball John Nicholson is caught stealing 2nd base 1-0: Called Strike 1-1: Swinging Strike 1-2: Ground out 5-3 (Groundball, 56S)
|
Pinch Hitting: LHB David Monahan
|
0-0: Called Strike 0-1: Ball 1-1: SINGLE (Groundball, 34D)
|
Pinch Hitting: LHB Juan García
|
0-0: Ball 1-0: Ball 2-0: Called Strike 2-1: Foul Ball, location: 2F 2-2: Fly out, F8 (Flyball, 8RS)
|
Bottom of the 8th over - 0 run(s), 2 hit(s), 0 error(s), 1 left on base; Redwood City 5 - Mexico City 5 |
TOP OF THE 9TH |
Redwood City Redwoods batting - Pitching for Mexico City Cerveceros : RHP Troy Hawkins
|
Pitching: RHP Jesús Mendoza
|
|
Now at 2B: Soetsu Kaneko
|
|
Now in CF: David Monahan
|
|
Pinch Hitting: RHB Juan Robles
|
0-0: Called Strike 0-1: Ball 1-1: Foul Ball, location: 2F 1-2: Foul Ball, location: 2F 1-2: Ball 2-2: Ball 3-2: SOLO HOME RUN (Flyball, 7LD), Distance : 357 ft
|
Batting: LHB Frank Young
|
0-0: Ball 1-0: Called Strike 1-1: Called Strike 1-2: Foul Ball, location: 2F 1-2: Ball 2-2: Ball 3-2: Strikes out swinging
|
Batting: RHB Anastasio García
|
0-0: Ball 1-0: Ball 2-0: Ball 3-0: Called Strike 3-1: Called Strike 3-2: Strikes out looking
|
Batting: SHB Chris Hall
|
0-0: Called Strike 0-1: Called Strike 0-2: Ball 1-2: Strikes out swinging
|
Top of the 9th over - 1 run(s), 1 hit(s), 0 error(s), 0 left on base; Redwood City 6 - Mexico City 5 |
BOTTOM OF THE 9TH |
Mexico City Cerveceros batting - Pitching for Redwood City Redwoods : RHP Domingo Franco
|
Pitching: RHP Gil Paling
|
|
Now at SS: Dave Lee
|
|
Batting: RHB Murai Ishihara
|
0-0: SINGLE (Line Drive, 4MD)
|
Batting: RHB Dennis Stephenson
|
0-0: Ball 1-0: Ball 2-0: Hit by Pitch Murai Ishihara to second
|
Batting: RHB Dave Morgan
|
0-0: Ball 1-0: Grounds into double play, 5-4-3 (Groundball, 5) Murai Ishihara to third
|
Batting: RHB Robinson Pacheco
|
0-0: Called Strike 0-1: Ball Passed Ball! Murai Ishihara scores 1-1: Swinging Strike 1-2: SINGLE (Line Drive, 6MD)
|
Batting: RHB Hamilton Holbrook
|
0-0: Ball 1-0: Called Strike 1-1: Swinging Strike 1-2: Foul Ball, location: 2F 1-2: Ball 2-2: Strikes out swinging
|
Bottom of the 9th over - 1 run(s), 2 hit(s), 0 error(s), 1 left on base; Redwood City 6 - Mexico City 6 |
TOP OF THE 10TH |
Redwood City Redwoods batting - Pitching for Mexico City Cerveceros : RHP Jesús Mendoza
|
Batting: RHB Tokuhei Kobayashi
|
0-0: Called Strike 0-1: Ball 1-1: Swinging Strike 1-2: Ground out 6-3 (Groundball, 6)
|
Batting: RHB Keitaro Suzuki
|
0-0: Fly out, F9 (Flyball, 89S)
|
Batting: LHB Pedro Rodríguez
|
0-0: Ball 1-0: Ball 2-0: Swinging Strike 2-1: Foul Ball, location: 2F 2-2: Ball 3-2: Strikes out swinging, 2-3 out at first.
|
Top of the 10th over - 0 run(s), 0 hit(s), 0 error(s), 0 left on base; Redwood City 6 - Mexico City 6 |
BOTTOM OF THE 10TH |
Mexico City Cerveceros batting - Pitching for Redwood City Redwoods : RHP Gil Paling
|
Batting: LHB John Nicholson
|
0-0: Called Strike 0-1: Ball 1-1: Fly out, F7 (Flyball, 7LS)
|
Batting: SHB Richard Bowman
|
0-0: Called Strike 0-1: Ball 1-1: Ball 2-1: Ball 3-1: Foul Ball, location: 2F 3-2: Base on Balls
|
Batting: LHB David Monahan
|
0-0: Ball 1-0: SINGLE (Line Drive, 6D) Richard Bowman to second
|
Pinch Hitting: RHB Claudio Souza
|
0-0: SINGLE (Line Drive, 78S) Richard Bowman to third David Monahan to second
|
Batting: RHB Murai Ishihara
|
0-0: Called Strike 0-1: Foul Ball, location: 2F 0-2: Ball 1-2: Fly out, F4 (Popup, 4)
|
Batting: RHB Dennis Stephenson
|
0-0: Called Strike 0-1: SINGLE (Flyball, 9LS) Richard Bowman scores
|
Tuesday, August 8th, 2017 - OOTP Baseball 17.12 Build 75
|
|